cohdb
Replays
Latest Replays
All Replays
Popular Replays
Top Player Replays
Match Explorer
How It Works
Community
CoH3 Stats
Reddit
Sign in to upload your games and track your stats! →
Sign in with Steam
Match 42317990
Unlisted
Match 42317990
Overview
Messages
Build Orders
End
250 Light Carrier
Selects Italian Combined Arms Battlegroup
Selects Bersaglieri Squad
Bersaglieri Squad
Bersaglieri Squad
Construct Light Support Kompanie
2.5-tonne Medical Truck
Bersaglieri Squad
Selects Bersaglieri Bolster
Fire Support Elements
Panzerjäger Mechanized Group
MG34 Team
Vehicle Survival Package
Selects Breda Model 30 Light Machine Guns
Construct Panzerarmee Kommand
Pak 38 Anti-tank Gun Team
Selects Semovente da 75/18 Assault Gun
Panzer III L Medium Tank
Panzer III L Medium Tank
Bersaglieri Squad
Emergency Repair Kits
Selects Strafing Run
Selects Artillery Cover
Panzer III L Medium Tank
Walking Stuka Rocket Launcher
Tungsten Core Ammunition
Panzer III L Medium Tank
Kostas03
trotu
dan legend
Mystery
0
0
Comments
sign in to comment!
No comments posted yet!